 Dungeon Crawl Stone Soup version 0.19-a0-1886-gd64a0f0 (webtiles) character file.

859 Kirkhe the Chopper (level 8, -15/58 HPs)
             Began as a Formicid Fighter on Oct 16, 2016.
             Demolished by Menkaure (21 damage)
             ... on level 6 of the Dungeon.
             The game lasted 00:08:03 (4338 turns).

Kirkhe the Chopper (Formicid Fighter)               Turns: 4338, Time: 00:08:04

Health: -15/58     AC:  9    Str: 24    XL:     8   Next: 22%
Magic:  8/8        EV: 10    Int:  7    God:
Gold:   205        SH:  0    Dex: 13    Spells: 0 memorised, 7 levels left

rFire  . . .     SeeInvis +     a - +1 war axe
rCold  . . .     Gourm    .     m - +1 ring mail
rNeg   . . .     Faith    .     (no shield)
rPois  .         Spirit   .     (helmet unavailable)
rElec  .         Dismiss  +     (no cloak)
rCorr  .         Reflect  .     l - +1 pair of gloves {Dex+3}
MR     .....     Harm     .     (no boots)
Stlth  +.........               b - amulet of dismissal
                                (no ring)
                                (no ring)

@: lethally poisoned (-15 -> -18)
A: permanent stasis, dig shafts and tunnels, four strong arms, antennae 3
a: Dig, Shaft Self


You were on level 6 of the Dungeon.
You were hungry.

You visited 1 branch of the dungeon, and saw 6 of its levels.

You collected 205 gold pieces.

Inventory:

Hand Weapons
 a - a +1 war axe (weapon)
Missiles
 k - 36 poisoned needles
Armour
 c - a +0 shield
 l - a +1 pair of gloves of dexterity (worn)
 m - a +1 ring mail (worn)
Jewellery
 b - an amulet of dismissal (around neck)
Wands
 g - a wand of lightning (2/15)
 n - a wand of lightning (10/15)
Scrolls
 j - 2 scrolls of amnesia
Comestibles
 f - 5 bread rations
 h - 4 fruits
 o - a slice of pizza
 p - a meat ration
 q - a beef jerky


   Skills:
 - Level 3.2 Fighting
 + Level 7.4 Axes
 + Level 6.3 Armour
 - Level 3.6 Shields
 + Level 0.9 Evocations


You had 7 spell levels left.
You didn't know any spells.

Dungeon Overview and Level Annotations

Branches:
Dungeon (5/15)
 Temple: D:4-7

Altars:
Ashenzari
Fedhas
Sif Muna
Uskayaw

Shops:
D:5 *

Annotations:
D:4 Kirkhe's ghost, amateur FoFi
D:6 Menkaure; Pikel


Innate Abilities, Weirdness & Mutations

You are under a permanent stasis effect.
You can dig through walls and to a lower floor.
Your four strong arms can wield two-handed weapons with a shield.
You have a pair of large antennae on your head. (SInv)


Message History

The worker ant poisons you! Menkaure completely misses you.
You feel sick. The gnoll completely misses you.
Menkaure mumbles some strange words.
Menkaure seems to speed up.
You slash the gnoll!
The gnoll is almost dead.
You hit Menkaure but do no damage. You hit the worker ant.
You feel sick. The gnoll hits you with a spear.
* * * LOW HITPOINT WARNING * * *
Your amulet of dismissal vibrates suddenly!
The gnoll disappears!
The worker ant bites you but does no damage.
Menkaure completely misses you.
The gnoll hits you from afar with a spear.
* * * LOW HITPOINT WARNING * * *
An orc comes into view. It is wielding a trident.
You feel sick.
The orc shouts!
Menkaure hits you!!
You die...

#....# . #....# #.
#....# #.. #.$..#
##..# ###....#
.....# #..{...# #
#.(.##s#{...# .#
#..Ma#....##.#
#.g@##..p{...#
#..<...#####p.###
#.........###p..##
#....!..#..{{#K..#
#........o.#{..>.#
#......###..#.......
#...... ##!.p{..$..%
....... ##..K......
(..######


You could see Menkaure, a worker ant, a gnoll, an orc and a giant cockroach.

Vanquished Creatures
  The ghost of Kirkhe the Poker, a novice OpSk (D:5)
  4 orc priests
  2 iguanas
  5 orc wizards
  4 adders
  3 gnolls (D:4)
  A shadow imp (D:5)
  2 oozes
  An adder skeleton (D:4)
  A worm (D:2)
  4 dart slugs
  3 leopard geckos (D:1)
  13 orcs
  2 bats
  6 giant cockroaches
  6 goblins
  13 hobgoblins
  15 jackals
  3 quokkas
  A frilled lizard (D:1)
  8 kobolds
  7 rats
105 creatures vanquished.

Notes
Turn   | Place    | Note
-------+----------+-------------------------------------------
     0 | D:1      | Kirkhe the Formicid Fighter began the quest for the Orb.
     0 | D:1      | Reached XP level 1. HP: 18/18 MP: 1/1
    97 | D:1      | Reached XP level 2. HP: 20/24 MP: 2/2
   292 | D:1      | Reached XP level 3. HP: 25/29 MP: 3/3
   739 | D:2      | Reached skill level 3 in Axes
  1070 | D:2      | Reached XP level 4. HP: 33/35 MP: 4/4
  1085 | D:2      | Found a hide-covered altar of Uskayaw.
  1604 | D:3      | Found a blossoming altar of Fedhas.
  1805 | D:3      | Reached XP level 5. HP: 36/41 MP: 5/5
  1984 | D:3      | Reached skill level 4 in Axes
  2262 | D:4      | Noticed a phantom
  2324 | D:4      | Reached XP level 6. HP: 22/47 MP: 6/6
  2592 | D:4      | Reached skill level 5 in Axes
  2625 | D:4      | HP: 2/47 [poisoned by a gnoll]
  2932 | D:4      | Reached skill level 5 in Armour
  2975 | D:4      | Found a shattered altar of Ashenzari.
  2975 | D:4      | Found a deep blue altar of Sif Muna.
  3048 | D:4      | Noticed Kirkhe's ghost (amateur FoFi)
  3121 | D:4      | HP: 2/47 [phantom (7)]
  3660 | D:5      | Entered Level 5 of the Dungeon
  3662 | D:5      | Found Dasuh's General Store.
  3721 | D:5      | Noticed Kirkhe's ghost (novice OpSk)
  3739 | D:5      | Killed Kirkhe's ghost
  3739 | D:5      | Reached skill level 6 in Axes
  3739 | D:5      | Reached XP level 7. HP: 34/52 MP: 7/7
  3902 | D:5      | Reached XP level 8. HP: 58/58 MP: 8/8
  3954 | D:5      | Reached skill level 7 in Axes
  4326 | D:5      | You fall through a shaft!
  4326 | D:6      | Noticed Pikel
  4334 | D:6      | Noticed Menkaure
  4338 | D:6      | Demolished by Menkaure

Vault maps used:
D:1:      moated_graveyard_arrival
D:2:      old_standard_altar
D:3:      nicolae_overflow_crystal_walls, first_bread
D:4:      gammafunk_temple_overflow_elements, kennysheep_nub, minivault_24
D:5:      serial_shops, nicolae_shop_crystal, minmay_door_square
D:6:      grunt_ministairs_9, uniq_pikel, uniq_menkaure

Skill      XL: |  1  2  3  4  5  6  7  8 |
---------------+-------------------------+-----
Armour         | 4 6 |  6.3
Axes           | 3 4 6 7 |  7.4
Fighting       | |  3.2
Shields        | |  3.6
Evocations     | |  0.9

Action                   |  1- 3 |  4- 6 |  7- 9 || total
-------------------------+-------+-------+-------++-------
Melee: War axe           |   100 |   183 |    51 ||   334
 Abil: Shaft Self        |       |       |     1 ||     1
Evoke: Wand              |       |     5 |       ||     5
  Use: Scroll            |       |     8 |     2 ||    10
       Potion            |       |     7 |     2 ||     9
 Stab: Sleeping          |       |     1 |       ||     1
  Eat: Chunk             |     1 |     9 |     1 ||    11
Armor: Scale mail        |    53 |       |       ||    53
       Ring mail         |     7 |    74 |    26 ||   107
Dodge: Dodged            |    68 |   111 |    24 ||   203
